 Dungeon Crawl Stone Soup version 0.31-a0-152-g6aa68a64a1 (webtiles) character file.

Game seed: 17174777652868467177

709 qw the Chopper (level 7, -2/43 HPs)
             Began as a Gargoyle Fighter on June 10, 2023.
             Slain by an orc
             ... wielding a +0 heavy trident
              (5 damage)
             ... on level 5 of the Dungeon.
             The game lasted 00:01:54 (3488 turns).

qw the Chopper (Gargoyle Fighter)                   Turns: 3488, Time: 00:01:55

Health: -2/43      AC: 15    Str: 22    XL:     7   Next: 68%
Magic:  7/7        EV:  8    Int:  8    God:
Gold:   184        SH:  4    Dex:  9    Spells: 6/6 levels left

rFire   . . .        Y - +1 broad axe (flame)
rCold   . . .        c - +0 buckler
rNeg    + . .        e - +0 chain mail
rPois   inf          h - +0 helmet
rElec   +            (no cloak)
rCorr   .            (no gloves)
SInv    .            (no boots)
Will    .....        (no amulet) Stlth
                     (no ring)
HPRegen 0.27/turn    (no ring)
MPRegen 0.10/turn

%: no passive effects
@: no status effects
A: sickness immunity, AC +4, negative energy resistance 1, electricity
resistance, torment resistance 1, petrification resistance
a: no special abilities


You were on level 5 of the Dungeon.
You visited 1 branch of the dungeon, and saw 5 of its levels.

You collected 184 gold pieces.


Innate Abilities, Weirdness & Mutations

You are immune to sickness and miasma.
Your stone body is resilient. (AC +4)
You are immune to poison.
You resist negative energy. (rN+)
You are resistant to electric shocks. (rElec)
You are resistant to unholy torment.
You are immune to petrification.


   Skills:
 + Level 4.1 Fighting
 - Level 7.0 Axes
 - Level 1.2 Throwing
 - Level 3.2 Armour
 - Level 1.1 Dodging
 - Level 3.2 Shields


You had 6 spell levels left.
You didn't know any spells.
Your spell library was empty.

Inventory:

Hand Weapons
 Y - a +1 broad axe of flaming (weapon)
Missiles
 j - 3 boomerangs
 m - 3 javelins (quivered)
 n - 2 boomerangs of dispersal
Armour
 c - a +0 buckler (worn)
 e - a +0 chain mail (worn)
 h - a +0 helmet (worn)
 p - a +0 kite shield
Jewellery
 i - a ring of see invisible
Scrolls
 q - a scroll of brand weapon {unknown}
Potions
 a - a potion of curing
 b - a potion of lignification {unknown}
 d - a potion of might
 f - a potion of magic {unknown}
 g - a potion of heal wounds {unknown}
 k - a potion of enlightenment {unknown}
 o - a potion of haste {unknown}

Dungeon Overview and Level Annotations

Branches:
Dungeon (5/15)
 Temple: D:4-7

Altars:

Annotations:
D:3 2 runed translucent doors, qw's ghost, amateur GrFi


Message History

Enter note:
Enter note:
Enter note: The gnoll hits you but does no damage.
You hit the gnoll. You burn the gnoll.
The gnoll is lightly wounded.
You closely miss the orc. The gnoll completely misses you.
The orc hits you but does no damage.
You slash the gnoll! You burn the gnoll.
You kill the gnoll!
You hit the orc. You burn the orc.
You kill the orc!
The jelly hits you but does no damage.
Things that are here:
a +0 whip; a +0 leather armour You hit the jelly.
You burn the jelly.
Your hands burn!
The jelly is lightly wounded.
The jelly hits you but does no damage. The jelly closely misses you.
You hit the jelly. You burn the jelly.
Your hands burn!
The jelly is heavily wounded.
The jelly hits you but does no damage.
You slice the jelly!! You burn the jelly.
You kill the jelly!
You hit the ice beast.
You melt the ice beast.
The ice beast closely misses you.
You hit the ice beast.
You melt the ice beast.
The ice beast is moderately wounded.
You block the ice beast's attack. The orc hits you but does no damage.
The ice beast completely misses you.
You hit the ice beast.
You melt the ice beast.
The ice beast is moderately wounded.
The orc barely misses you.
The ice beast hits you but does no damage.
You slash the ice beast!
You melt the ice beast!
You kill the ice beast!
The orc closely misses you.
An orc comes into view. It is wielding a +2 dagger of flaming.
Your Axes skill increases to level 7!
The orc hits you with a +0 heavy trident.
You die...

### #......###.#..# #<.....##.
..####......# #.#..# #.........
#...##......# #.#..## #......##.
###.........###.....####......##.
.....#.......####.#...##......#..
####...........<..###............
###...........)..))........##.
#...........)))###.......##.
######........##@#.(..........##.
.......##..##.##o###.##.......##.
#########...#.##.# ....########.
#..#.#..... ..... #. ...........
....## ## #####.#.... ....o#
...... .....# ...........#


You could see an orc.

Vanquished Creatures
  An ice beast (D:5)
  2 scorpions (D:4)
  2 hounds (D:4)
  A jelly (D:5)
  2 orc priests
  3 iguanas
  2 orc wizards
  8 adders
  4 gnolls (D:5)
  2 worms (D:3)
  17 orcs
  8 ball pythons
  4 endoplasms
  3 giant cockroaches
  7 hobgoblins
  3 jackals (D:2)
  5 kobolds
  2 quokkas
  4 bats
  4 frilled lizards
  8 goblins
  5 rats
97 creatures vanquished.

Notes
Turn   | Place    | Note
-------+----------+-------------------------------------------
     0 | D:1      | qw the Gargoyle Fighter began the quest for the Orb.
     0 | D:1      | Reached XP level 1. HP: 14/14 MP: 1/1
     0 | D:1      | 0 ||| qw: Version: 0.2-a-123-gb51047a
     0 | D:1      | 0 ||| qw: Game counter: 3805
     0 | D:1      | 0 ||| qw: Always use a shield: true
     0 | D:1      | 0 ||| qw: God list: Okawaru
     0 | D:1      | 0 ||| qw: Allow faded altars: false
     0 | D:1      | 0 ||| qw: Do Orc after D:15 true
     0 | D:1      | 0 ||| qw: Do second Lair branch before Depths: true
     0 | D:1      | 0 ||| qw: Lair rune preference: random
     0 | D:1      | 0 ||| qw: Plans: Normal, Zot:1-4, Slime:5, God:TSO, Crypt,
                  | Tomb, Abyss, Pan, Hells, Win
     0 | D:1      | 0 ||| PLANNING D:1-11
    84 | D:1      | Reached skill level 2 in Axes
   206 | D:1      | Reached XP level 2. HP: 19/19 MP: 2/2
   270 | D:1      | 270 ||| Stepping ~*~*~tactically~*~*~ (stealth).
   668 | D:1      | 668 ||| READING scroll labelled DOJUMU KAGATIF.
   702 | D:2      | Reached skill level 3 in Axes
   738 | D:2      | Reached XP level 3. HP: 23/23 MP: 3/3
  1069 | D:2      | 1069 ||| Stepping ~*~*~tactically~*~*~ (stealth).
  1094 | D:2      | 1094 ||| Stepping ~*~*~tactically~*~*~ (stealth).
  1104 | D:2      | 1104 ||| Stepping ~*~*~tactically~*~*~ (stealth).
  1398 | D:2      | 1398 ||| UPGRADING to +0 helmet.
  1403 | D:2      | 1403 ||| READING scroll labelled EMEELE FOHA.
  1404 | D:2      | 1404 ||| READING scroll labelled EXTUJAONOE.
  1404 | D:2      | Identified a scroll of acquirement
  1404 | D:2      | 1404 ||| ACQUIRING +0 broad axe of flaming
  1404 | D:2      | Acquired a +0 broad axe of flaming
  1406 | D:2      | 1406 ||| SWAPPING to +0 broad axe of flaming.
  1407 | D:2      | 1407 ||| DROPPING +0 flail.
  1408 | D:2      | 1408 ||| DROPPING +0 war axe.
  1409 | D:2      | 1409 ||| DRINKING 2 fuming sapphire potions.
  1456 | D:3      | Reached XP level 4. HP: 28/28 MP: 4/4
  1606 | D:3      | 1606 ||| Stepping ~*~*~tactically~*~*~ (hiding).
  1607 | D:3      | 1607 ||| Stepping ~*~*~tactically~*~*~ (hiding).
  1610 | D:3      | 1610 ||| Stepping ~*~*~tactically~*~*~ (hiding).
  1611 | D:3      | 1611 ||| Stepping ~*~*~tactically~*~*~ (hiding).
  1612 | D:3      | 1612 ||| Stepping ~*~*~tactically~*~*~ (hiding).
  1615 | D:3      | 1615 ||| Stepping ~*~*~tactically~*~*~ (hiding).
  1688 | D:3      | Found a faded altar of an unknown god.
  1813 | D:3      | Reached skill level 4 in Axes
  1866 | D:3      | You fall into a shaft and drop 1 floor!
  1881 | D:4      | 1881 ||| Stepping ~*~*~tactically~*~*~ (stealth).
  1892 | D:4      | Noticed a scorpion
  1893 | D:4      | Reached XP level 5. HP: 26/32 MP: 5/5
  1910 | D:4      | Reached skill level 5 in Axes
  2014 | D:4      | Reached XP level 6. HP: 38/38 MP: 6/6
  2015 | D:4      | 2015 ||| READING 2 scrolls labelled FAZOIF KEISCHAU.
  2016 | D:4      | 2016 ||| READING 3 scrolls labelled ESHEMO JUCO.
  2017 | D:4      | 2017 ||| DROPPING scroll of noise.
  2018 | D:4      | 2018 ||| DROPPING 2 scrolls of magic mapping.
  2035 | D:3      | Found a runed translucent door.
  2035 | D:3      | Noticed qw's ghost (amateur GrFi)
  2099 | D:3      | Found a runed translucent door.
  2171 | D:3      | 2171 ||| Stepping ~*~*~tactically~*~*~ (hiding).
  2260 | D:3      | 2260 ||| Stepping ~*~*~tactically~*~*~ (hiding).
  2262 | D:3      | 2262 ||| Stepping ~*~*~tactically~*~*~ (stealth).
  2276 | D:3      | Reached skill level 1 in Dodging
  2304 | D:3      | 2304 ||| FLEEEEING.
  2305 | D:3      | 2305 ||| FLEEEEING.
  2306 | D:3      | 2306 ||| FLEEEEING.
  2307 | D:3      | 2307 ||| FLEEEEING.
  2308 | D:3      | 2308 ||| FLEEEEING.
  2309 | D:3      | 2309 ||| STAIRDANCE
  2363 | D:3      | 2363 ||| FLEEEEING.
  2364 | D:3      | 2364 ||| STAIRDANCE
  2522 | D:3      | 2522 ||| UPGRADING to +0 chain mail.
  2532 | D:3      | 2532 ||| DROPPING +0 scale mail.
  2542 | D:4      | 2542 ||| Stepping ~*~*~tactically~*~*~ (stealth).
  2545 | D:4      | 2545 ||| Stepping ~*~*~tactically~*~*~ (hiding).
  2775 | D:4      | 2775 ||| Stepping ~*~*~tactically~*~*~ (hiding).
  2985 | D:4      | Reached skill level 6 in Axes
  3037 | D:4      | 3037 ||| Stepping ~*~*~tactically~*~*~ (stealth).
  3178 | D:4      | 3178 ||| READING scroll labelled LOPPORCH ISYX.
  3184 | D:5      | Entered Level 5 of the Dungeon
  3266 | D:5      | 3266 ||| Stepping ~*~*~tactically~*~*~ (stealth).
  3273 | D:5      | Reached XP level 7. HP: 41/43 MP: 7/7
  3303 | D:5      | 3303 ||| FLEEEEING.
  3306 | D:5      | 3306 ||| FLEEEEING.
  3307 | D:5      | 3307 ||| FLEEEEING.
  3309 | D:5      | 3309 ||| FLEEEEING.
  3310 | D:5      | 3310 ||| FLEEEEING.
  3311 | D:5      | 3311 ||| FLEEEEING.
  3312 | D:5      | 3312 ||| FLEEEEING.
  3313 | D:5      | 3313 ||| FLEEEEING.
  3314 | D:5      | 3314 ||| FLEEEEING.
  3315 | D:5      | 3315 ||| FLEEEEING.
  3317 | D:5      | 3317 ||| FLEEEEING.
  3318 | D:5      | 3318 ||| FLEEEEING.
  3319 | D:5      | 3319 ||| STAIRDANCE
  3343 | D:4      | 3343 ||| READING scroll labelled YLOUNE VAANA RUUV.
  3353 | D:5      | Reached skill level 1 in Throwing
  3372 | D:5      | 3372 ||| Stepping ~*~*~tactically~*~*~ (stealth).
  3373 | D:5      | 3373 ||| Stepping ~*~*~tactically~*~*~ (stealth).
  3435 | D:5      | 3435 ||| Stepping ~*~*~tactically~*~*~ (hiding).
  3448 | D:5      | 3448 ||| FLEEEEING.
  3449 | D:5      | 3449 ||| FLEEEEING.
  3450 | D:5      | 3450 ||| Stepping ~*~*~tactically~*~*~ (hiding).
  3451 | D:5      | 3451 ||| FLEEEEING.
  3474 | D:5      | HP: 10/43 [gnoll/+0 spear (4)]
  3475 | D:5      | 3475 ||| READING scroll of teleportation.
  3482 | D:5      | HP: 6/43 [acid (3)]
  3483 | D:5      | HP: 1/43 [acid (5)]
  3488 | D:5      | Reached skill level 7 in Axes
  3488 | D:5      | Slain by an orc

Levels and vault maps discovered:
D:1:      denvon_arrival_planthouse, layout_basic
D:2:      minmay_door_path, layout_basic
D:3:      layout_loops_ring, hellmonk_ecumenical_altar_zigzags,
          ebering_ghost_sewer_f
D:4:      layout_gridville, minmay_misc_feat_enclosed, st_stairs_11,
          grunt_ministairs_2
D:5:      layout_rooms, gammafunk_temple_overflow_arena,
          minmay_misc_feat_ornament

Skill      XL: |  1  2  3  4  5  6  7 |
---------------+----------------------+-----
Axes           | 2 3 4 5 6 7 |  7.0
Fighting       | 4 |  4.1
Dodging        | 1 |  1.1
Throwing       | 1 |  1.2
Armour         | |  3.2
Shields        | |  3.2

Action                     |  1- 3 |  4- 6 |  7- 9 || total
---------------------------+-------+-------+-------++-------
  Melee: War axe           |   120 |       |       ||   120
         Broad axe         |     4 |   126 |    53 ||   183
  Throw: Boomerang         |       |    23 |       ||    23
         Javelin           |       |       |     5 ||     5
    Use: Scroll            |     3 |     3 |     2 ||     8
         Potion            |     1 |       |       ||     1
 Armour: Scale mail        |    72 |    37 |       ||   109
         Chain mail        |       |    30 |    45 ||    75
  Dodge: Dodged            |    57 |    50 |    31 ||   138
  Block: Buckler           |    23 |    20 |    11 ||    54

Table legend:
 A = Non-vault XP
 B = Vault XP
 C = Vault XP percentage of total XP
 D = Non-vault monster count
 E = Vault monster count
 F = Vault count percentage of total count
                 A         B        C        D         E       F
            +---------+---------+-------+---------+---------+-------
      Total |     893 |     120 |  11.8 |      89 |       8 |   8.2
            +---------+---------+-------+---------+---------+-------
        D:1 |      29 |       0 |   0.0 |      18 |       0 |   0.0
        D:2 |      48 |       2 |   4.0 |      17 |       2 |  10.5
        D:3 |     125 |       0 |   0.0 |      16 |       0 |   0.0
        D:4 |     287 |     118 |  29.1 |      15 |       6 |  28.6
        D:5 |     404 |       0 |   0.0 |      23 |       0 |   0.0
            +---------+---------+-------+---------+---------+-------
